 Dungeon Crawl Stone Soup version 0.26-a0-695-g987792ac36 (webtiles) character file.

Game seed: 17542909380693566768

57 somkeydreadnuts the Digger (level 4, 0/36 HPs)
             Began as a Gargoyle Earth Elementalist on Oct 26, 2020.
             Slain by Crazy Yiuf
             ... wielding a +2 quarterstaff of chaos
              (10 damage)
             ... on level 2 of the Dungeon.
             The game lasted 00:06:10 (1432 turns).

somkeydreadnuts the Digger (GrEE)                   Turns: 1432, Time: 00:06:11

Health: 0/36       AC:  9    Str: 12    XL:     4   Next: 0%
Magic:  4/7        EV:  5    Int: 16    God:
Gold:   84         SH:  0    Dex: 10    Spells: 6/7 levels left

rFire    x . .     SeeInvis .   h - +0 mace
rCold    + . .     Faith    .   (no shield)
rNeg     + . .     Spirit   .   j - -2 chain mail (curse)
rPois    ∞         Reflect  .   (no helmet)
rElec    +         Harm     .   (no cloak)
rCorr    .         Rampage  .   (no gloves)
MR       .....                  (no boots)
Stlth    ..........             g - amulet of the acrobat
HPRegen  0.12/turn              d - ring of flight
MPRegen  0.10/turn              k - ring of ice

@: berserking, very slightly contaminated, very quick
A: negative energy resistance 1, electricity resistance, unbreathing,
petrification resistance, rot immunity, AC +3
a: Evoke Flight


You were on level 2 of the Dungeon.
You visited 1 branch of the dungeon, and saw 2 of its levels.

You collected 84 gold pieces.

Inventory:

Hand Weapons
 h - a +0 mace (weapon)
Missiles
 b - 17 stones (quivered)
Armour
 c - a +0 robe
 j - a cursed -2 chain mail (worn)
Jewellery
 d - a ring of flight (left hand)
 g - an amulet of the acrobat (around neck)
 k - a ring of ice (right hand)
Scrolls
 a - a scroll of teleportation
 e - 2 scrolls of identify
Potions
 f - a potion of degeneration {unknown}
 i - a potion of lignification
 l - a potion of mutation {unknown}
 m - a potion of heal wounds {unknown}
 n - 2 potions of brilliance {unknown}


   Skills:
 + Level 0.6 Fighting
 + Level 1.2 Maces & Flails
 + Level 0.2 Armour
 - Level 1.6 Dodging
 - Level 2.2 Stealth
 - Level 2.0 Spellcasting
   Level 0.7 Transmutations
 + Level 5.1 Earth Magic


You had 6 spell levels left.
You knew the following spells:

 Your Spells              Type           Power        Failure   Level
a - Sandblast             Erth           ###...       75%         1

Your spell library contained the following spells:

 Spells                   Type           Power        Failure   Level
 Passwall                 Tmut/Erth      ##......     99%         2
 Stone Arrow              Conj/Erth      #.....       100%        3
 Petrify                  Tmut/Erth      ##......     100%        4
 Lee's Rapid Deconstruct  Erth           ###.......   100%        5


Dungeon Overview and Level Annotations

Branches:
Dungeon (2/15)

Altars:

Annotations:
D:2 Crazy Yiuf


Innate Abilities, Weirdness & Mutations

You are resistant to torment.
Your stone body is resilient. (AC +3)
You are immune to poison.
You resist negative energy. (rN+)
You are resistant to electric shocks. (rElec)
You can survive without breathing.
You are immune to petrification.
You are immune to rotting.


Message History

You are too berserk!
Okay, then.
Unknown command.
Unknown command.
Unknown command.
Unknown command.
You barely miss Crazy Yiuf.
Crazy Yiuf is lightly wounded.
Crazy Yiuf hits you with a +2 quarterstaff of chaos!
Crazy Yiuf burns you.
* * * LOW HITPOINT WARNING * * *
You hit Crazy Yiuf.
Crazy Yiuf is moderately wounded.
You thump Crazy Yiuf!
Crazy Yiuf is severely wounded.
Crazy Yiuf hits you but does no damage.
You barely miss Crazy Yiuf.
Crazy Yiuf is severely wounded.
Crazy Yiuf hits you with a +2 quarterstaff of chaos!
You die...

#....####..###.#<)#.
#....# #......#.)#.
#..P.# ##.....#....
#...## #..........
##.## #..........
#.## #..........
##.# #..........
#.## #####......
##@# #...... #g#
#...... ... #......
#...# ####### #..)#
#####


You could see Crazy Yiuf.

Vanquished Creatures
  An adder (D:2)
  A worm (D:2)
  2 leopard geckos (D:1)
  2 giant cockroaches
  7 goblins
  7 hobgoblins (D:1)
  4 jackals (D:1)
  3 bats (D:1)
  4 frilled lizards
  5 kobolds
  3 rats
39 creatures vanquished.

Notes
Turn   | Place    | Note
-------+----------+-------------------------------------------
     0 | D:1      | somkeydreadnuts the Gargoyle Earth Elementalist began the
                  | quest for the Orb.
     0 | D:1      | Reached XP level 1. HP: 10/10 MP: 3/3
   132 | D:1      | Reached skill level 4 in Earth Magic
   132 | D:1      | Reached XP level 2. HP: 13/15 MP: 1/5
   402 | D:1      | Reached XP level 3. HP: 16/19 MP: 2/6
   736 | D:1      | Reached skill level 5 in Earth Magic
   863 | D:2      | Reached skill level 1 in Maces & Flails
   864 | D:2      | Found a faded altar of an unknown god.
  1321 | D:2      | Reached XP level 4. HP: 24/24 MP: 7/7
  1421 | D:2      | Found a runed translucent door.
  1422 | D:2      | Noticed Crazy Yiuf
  1432 | D:2      | Slain by Crazy Yiuf

Illustrated notes

Levels and vault maps discovered:
D:1:      dpeg_arrival_round_c, layout_rooms
D:2:      layout_basic, chequers_ecumenical_altar_simple_redux,
          uniq_crazy_yiuf_cottage

Skill      XL: |  1  2  3 |
---------------+----------+-----
Earth Magic    | 4 5 |  5.1
Maces & Flails | 1 |  1.2
Fighting       | |  0.6
Armour         | |  0.2
Dodging        | |  1.6
Stealth        | |  2.2
Spellcasting   | |  2.0
Transmutations | |  0.7

Action                   |  1- 3 |  4- 6 || total
-------------------------+-------+-------++-------
Melee: Unarmed           |     6 |       ||     6
       Mace              |    59 |     4 ||    63
       Club              |     1 |       ||     1
 Cast: Sandblast         |    20 |     1 ||    21
  Use: Scroll            |     3 |       ||     3
 Stab: Sleeping          |     1 |       ||     1
Armor: Robe              |    16 |       ||    16
       Chain mail        |    16 |     3 ||    19
Dodge: Dodged            |    55 |       ||    55

Table legend: (Time is in decaauts)
 A = Elapsed time spent in this place.
 B = Non-inter-level travel time spent in this place.
 C = Inter-level travel time spent in this place.
 D = Time resting spent in this place.
 E = Time spent auto-exploring this place.
 F = Levels seen in this place.
 G = Mean time per level.
                   A        B        C        D        E       F      G
               +--------+--------+--------+--------+--------+-----+--------+
         Total |   1452 |   1452 |      0 |      0 |    881 |   2 |  726.0 |
       Dungeon |   1452 |   1452 |      0 |      0 |    881 |   2 |  726.0 |
               +--------+--------+--------+--------+--------+-----+--------+

Top non-repeatable levels by time:
     D:1: 887 daAuts
     D:2: 564 daAuts
